 Dungeon Crawl Stone Soup version 0.29-a0-841-g116ddc6ace (webtiles) character file.

Game seed: 15909454759344983192

126 IdlyInterested the Trooper (level 4, -3/35 HPs)
             Began as a Demonspawn Gladiator on July 14, 2022.
             Slain by a kobold brigand
             ... wielding a +0 dagger
              (6 damage)
             ... in a sewer.
             The game lasted 00:08:53 (2842 turns).

IdlyInterested the Trooper (Demonspawn Gladiator)   Turns: 2842, Time: 00:08:54

Health: -3/35      AC:  7    Str: 16    XL:     4   Next: 84%
Magic:  4/4        EV: 11    Int: 10    God:
Gold:   127        SH:  4    Dex: 14    Spells: 3/3 levels left

rFire   + . .      SeeInvis .   a - +0 flail (chaos)
rCold   . . .      Faith    .   h - +1 buckler of Hidwal Moqeo {rF+}
rNeg    . . .      Spirit   .   i - +0 ring mail
rPois   +          Reflect  .   c - +1 helmet
rElec   .          Harm     .   (no cloak)
rCorr   .          Rampage  .   (no gloves)
Will    .....                   (no boots)
Stlth   +.........              (no amulet)
HPRegen 0.11/turn               j - ring of poison resistance
MPRegen 0.18/turn               (no ring)

@: no status effects
A: ignite blood 1, magic regeneration
a: no special abilities


You were in a sewer.
You visited 1 branch of the dungeon, and saw 3 of its levels.
You also visited: Sewer.

You collected 127 gold pieces.

Inventory:

Hand Weapons
 a - a +0 flail of chaos (weapon)
Missiles
 d - 3 throwing nets (quivered)
 e - a javelin
Armour
 c - a +1 helmet (worn)
 h - the +1 buckler of Hidwal Moqeo (worn) {rF+}
   (You acquired it on level 2 of the Dungeon)

   rF:        It protects you from fire.
 i - a +0 ring mail (worn)
Magical Staves
 g - a staff of air
Jewellery
 j - a ring of poison resistance (left hand)
 l - an amulet of faith
Scrolls
 b - a scroll of identify
Potions
 f - a potion of lignification {unknown}
 k - a potion of brilliance {unknown}
 n - a potion of heal wounds
 o - a potion of resistance
 s - a potion of attraction


   Skills:
 * Level 3.4 Fighting
 + Level 3.2 Maces & Flails
 - Level 1.7 Throwing
 * Level 2.1 Armour
 - Level 2.6 Dodging
 - Level 1.0 Stealth
 - Level 1.0 Evocations


You had 3 spell levels left.
You didn't know any spells.
Your spell library was empty.

Dungeon Overview and Level Annotations

Branches:
Dungeon (3/15)              Sewer (1/1)

Altars:

Shops:
D:2 :


Innate Abilities, Weirdness & Mutations

Your demonic aura sometimes causes spilled blood to erupt in flames.
You regenerate magic rapidly.


Message History

The kobold brigand splashes around in the water.
You closely miss the kobold brigand.
The kobold brigand is severely wounded.
The kobold brigand drinks a potion.
The kobold brigand is healed!
You hit the kobold brigand.
The kobold brigand seems to speed up.
The kobold brigand is moderately wounded.
The kobold brigand hits you but does no damage.
The kobold brigand splashes around in the water.
You barely miss the kobold brigand.
The kobold brigand is moderately wounded.
The kobold brigand splashes around in the water.
The kobold brigand barely misses you.
You thump the kobold brigand! You freeze the kobold brigand.
The kobold brigand is severely wounded.
The kobold brigand hits you with a +0 dagger.
* * * LOW HITPOINT WARNING * * *
You barely miss the kobold brigand.
The kobold brigand is almost dead.
The kobold brigand hits you with a +0 dagger.
* * * LOW HITPOINT WARNING * * *
You block the kobold brigand's attack.
You barely miss the kobold brigand.
The kobold brigand is almost dead.
You block the kobold brigand's attack. The kobold brigand misses you.
You closely miss the kobold brigand.
The kobold brigand is almost dead.
You block the kobold brigand's attack.
The kobold brigand splashes around in the water.
You barely miss the kobold brigand.
The kobold brigand is almost dead.
The kobold brigand hits you with a +0 dagger.
* * * LOW HITPOINT WARNING * * *
The kobold brigand barely misses you.
You barely miss the kobold brigand.
The kobold brigand is almost dead.
The kobold brigand splashes around in the water. x2
You hit the kobold brigand but do no damage.
The kobold brigand is almost dead.
The kobold brigand hits you with a +0 dagger.
You die...

#######
####...P.###
##≈≈.....≈..#≈
##≈≈≈..@†......
#≈≈≈...#K#.≈.≈.
##≈≈≈.∩.#≈# ≈≈≈
#≈≈≈≈.∩.#≈# #
#≈≈≈....#≈#
######..#≈#
#≈≈≈≈≈..#≈#
######.##≈#
#≈≈≈...#


You could see a kobold brigand (fast, poisoned).

Vanquished Creatures
  5 adders (D:2)
  A river rat (Sewer)
  A dart slug (D:1)
  A worm (D:2)
  4 ball pythons
  2 endoplasms
  6 giant cockroaches
  3 hobgoblins
  8 jackals
  7 kobolds
  4 quokkas
  6 bats
  4 frilled lizards
  8 goblins
  5 rats
65 creatures vanquished.

Vanquished Creatures (others)
  6 plants (Sewer)
6 creatures vanquished.

Grand Total: 71 creatures vanquished

Notes
Turn   | Place    | Note
-------+----------+-------------------------------------------
     0 | D:1      | IdlyInterested the Demonspawn Gladiator began the quest for
                  | the Orb.
     0 | D:1      | Reached XP level 1. HP: 16/16 MP: 1/1
   324 | D:1      | Gained mutation: Your demonic aura sometimes causes spilled
                  | blood to erupt in flames. [demonic ancestry]
   324 | D:1      | Reached XP level 2. HP: 22/22 MP: 2/2
   341 | D:1      | Found a faded altar of an unknown god.
  1055 | D:1      | Reached skill level 1 in Stealth
  1115 | D:1      | Reached skill level 1 in Armour
  1576 | D:2      | Identified a scroll of acquirement
  1576 | D:2      | Acquired the +1 buckler of Hidwal Moqeo {rF+}
  1762 | D:2      | Gained mutation: You regenerate magic rapidly. [demonic
                  | ancestry]
  1762 | D:2      | Reached XP level 3. HP: 28/28 MP: 3/3
  2018 | D:2      | Found Egriuqo's Book Shoppe.
  2083 | D:2      | Reached skill level 1 in Evocations
  2083 | D:2      | Reached XP level 4. HP: 35/35 MP: 4/4
  2771 | D:3      | Found a glowing drain.
  2785 | Sewer    | Entered a sewer
  2822 | Sewer    | Noticed a kobold brigand
  2842 | Sewer    | Slain by a kobold brigand

Illustrated notes

Levels and vault maps discovered:
D:1:      dpeg_arrival_brainrot, layout_loops_corners,
          dreamdust_ecumenical_altar_angels_and_demons
D:2:      layout_basic, serial_shops, nicolae_shop_statue_plus, st_stairs_3,
          minmay_pentomino_s4
D:3:      layout_basic, gup_sewer_entry_pipe, uniq_jessica, uniq_sigmund,
          uniq_grinder
Sewer:    sewer_co_scattered_pipes

Skill      XL: |  1  2  3  4 |
---------------+-------------+-----
Stealth        | 1 |  1.0
Armour         | 1 2 |  2.1
Maces & Flails | 3 |  3.2
Fighting       | 3 |  3.4
Evocations     | 1 |  1.0
Throwing       | |  1.7
Dodging        | |  2.6

Action                   |  1- 3 |  4- 6 || total
-------------------------+-------+-------++-------
Melee: Flail             |   123 |   101 ||   224
       Punch             |     1 |       ||     1
Throw: Stone             |    13 |       ||    13
  Use: Scroll            |     4 |     5 ||     9
       Potion            |       |     1 ||     1
 Stab: Sleeping          |     2 |       ||     2
       Confused          |       |     1 ||     1
Armor: Leather armour    |    16 |       ||    16
       Ring mail         |    28 |    38 ||    66
Dodge: Dodged            |    90 |    49 ||   139
Block: Buckler           |    14 |    25 ||    39

Table legend: (Time is in decaauts)
 A = Elapsed time spent in this place.
 B = Non-inter-level travel time spent in this place.
 C = Inter-level travel time spent in this place.
 D = Time resting spent in this place.
 E = Time spent auto-exploring this place.
 F = Levels seen in this place.
 G = Mean time per level.
                   A        B        C        D        E       F      G
               +--------+--------+--------+--------+--------+-----+--------+
         Total |   2911 |   2705 |    206 |    662 |   1313 |   4 |  727.8 |
       Dungeon |   2841 |   2635 |    206 |    662 |   1313 |   3 |  947.0 |
         Sewer |     69 |     69 |      0 |      0 |      0 |   1 |   69.0 |
               +--------+--------+--------+--------+--------+-----+--------+

Top non-repeatable levels by time:
     D:1: 1662 daAuts
     D:2: 1020 daAuts
     D:3: 158 daAuts
   Sewer: 69 daAuts
